 Dungeon Crawl Stone Soup version 0.29-a0-668-g12ee2bf84d (webtiles) character file.

Game seed: 9076217562900577212

66 ZappyNine the Skirmisher (level 4, -1/49 HPs)
             Began as an Ogre Fighter on June 23, 2022.
             Slain by an adder (4 damage)
             ... on level 3 of the Dungeon.
             The game lasted 00:01:27 (2399 turns).

ZappyNine the Skirmisher (Ogre Fighter)             Turns: 2399, Time: 00:01:28

Health: -1/49      AC:  3    Str: 20    XL:     4   Next: 15%
Magic:  4/4        EV:  9    Int:  9    God:
Gold:   115        SH:  7    Dex: 10    Spells: 3/3 levels left

rFire   . . .      SeeInvis .   a - +0 flail
rCold   . . .      Faith    .   c - +0 kite shield
rNeg    . . .      Spirit   .   b - +0 robe
rPois   .          Reflect  .   (helmet restricted)
rElec   .          Harm     .   (no cloak)
rCorr   .          Rampage  .   (gloves unavailable)
Will    .....                   (boots unavailable)
Stlth   +.........              (no amulet)
HPRegen 0.16/turn               (no ring)
MPRegen 0.09/turn               (no ring)

@: mighty, lethally poisoned (-1 -> -4)
A: large, unfitting armour, tough skin 1
a: no special abilities


You were on level 3 of the Dungeon.
You visited 1 branch of the dungeon, and saw 3 of its levels.

You collected 115 gold pieces.

Inventory:

Hand Weapons
 a - a +0 flail (weapon)
Armour
 b - a +0 robe (worn)
 c - a +0 kite shield (worn)
Jewellery
 j - an amulet of faith
Scrolls
 e - a scroll of poison {unknown}
 f - 3 scrolls of identify {unknown}
 h - 2 scrolls of teleportation {unknown}
 k - a scroll of silence {unknown}
 l - a scroll of acquirement {unknown}
 m - a scroll of immolation {unknown}
 p - a scroll of vulnerability {unknown}
Potions
 g - a potion of brilliance {unknown}
 i - a potion of flight {unknown}
 n - a potion of lignification {unknown}
 o - a potion of resistance {unknown}


   Skills:
 + Level 4.9 Fighting
 + Level 2.6 Maces & Flails
 + Level 3.3 Dodging
 - Level 3.0 Shields


You had 3 spell levels left.
You didn't know any spells.
Your spell library contained the following spells:

 Spells                   Type           Power      Damage    Failure   Level
 Freezing Cloud           Conj/Ice/Air   0%         6-21      100%        5
 Simulacrum               Ice/Necr       0%         N/A       100%        6
 Polar Vortex             Ice            0%         N/A       100%        9


Dungeon Overview and Level Annotations

Branches:
Dungeon (3/15)

Altars:
Elyvilon


Innate Abilities, Weirdness & Mutations

You are too large for most types of armour.
You have tough skin. (AC +1)


Message History

You block the giant cockroach's attack. The jackal closely misses you.
You closely miss the jackal.
The jackal is heavily wounded.
You feel sick. The jackal closely misses you.
The giant cockroach closely misses you.
The jackal bites you but does no damage.
The giant cockroach bites you.
* * * LOW HITPOINT WARNING * * *
You thump the jackal!
You kill the jackal!
You feel sick. The giant cockroach closely misses you.
You block the giant cockroach's attack.
Unknown command.
Unknown command.
You sock the giant cockroach!
You kill the giant cockroach!
You feel sick.
You are no longer poisoned.
The jackal bites you but does no damage.
You miss the jackal.
The jackal bites you but does no damage.
You block the jackal's attack.
You hit the jackal.
The jackal is almost dead.
The jackal closely misses you. You block the jackal's attack.
You miss the jackal.
The jackal is almost dead.
The jackal bites you but does no damage.
The jackal completely misses you.
You hit the jackal.
You kill the jackal!
The adder bites you.
* * * LOW HITPOINT WARNING * * *
You are lethally poisoned!
The adder poisons you!
You sock the adder!
The adder is almost dead.
* * * LOW HITPOINT WARNING * * *
You feel sick. You block the adder's attack. The adder bites you.
You die...

##...).....######
######.........
##.###.... #.#
... ########.# ..
#####........# .
#.g.....)....+ .
#S##..†.....# #..
#.@†...†..#.#....
#####.........#
............(..#
#####....(.....#
#......†...#
#.............
#.............
#.####.#...... #.
.........


You could see an adder and a goblin.

Vanquished Creatures
  2 adders
  A worm (D:3)
  A dart slug (D:1)
  5 endoplasms
  4 giant cockroaches
  A goblin (D:1)
  A hobgoblin (D:1)
  4 jackals (D:3)
  3 ball pythons (D:1)
  3 bats
  4 frilled lizards
  8 kobolds
  5 rats
42 creatures vanquished.

Notes
Turn   | Place    | Note
-------+----------+-------------------------------------------
     0 | D:1      | ZappyNine the Ogre Fighter began the quest for the Orb.
     0 | D:1      | Reached XP level 1. HP: 24/24 MP: 1/1
   357 | D:1      | Reached XP level 2. HP: 32/32 MP: 2/2
  1146 | D:2      | Found a white marble altar of Elyvilon.
  1168 | D:2      | Reached XP level 3. HP: 34/40 MP: 3/3
  2127 | D:3      | Found a faded altar of an unknown god.
  2389 | D:3      | Reached XP level 4. HP: 16/49 MP: 4/4
  2399 | D:3      | Slain by an adder

Illustrated notes

Levels and vault maps discovered:
D:1:      psy_arrival_basics, layout_basic, serial_bayou_crossing
D:2:      layout_basic, basic_altar
D:3:      layout_basic, dreamdust_ecumenical_altar_grove,
          minmay_shallow_snake_nest

Skill      XL: |  1  2 |
---------------+-------+-----
Maces & Flails | 2 |  2.6
Dodging        | 3 |  3.3
Fighting       | |  4.9
Shields        | |  3.0

Action                   |  1- 3 |  4- 6 || total
-------------------------+-------+-------++-------
Melee: Flail             |   152 |    11 ||   163
  Use: Potion            |     1 |       ||     1
Armor: Robe              |    62 |     4 ||    66
Dodge: Dodged            |    90 |     8 ||    98
Block: Kite shield       |    78 |     8 ||    86

Table legend: (Time is in decaauts)
 A = Elapsed time spent in this place.
 B = Non-inter-level travel time spent in this place.
 C = Inter-level travel time spent in this place.
 D = Time resting spent in this place.
 E = Time spent auto-exploring this place.
 F = Levels seen in this place.
 G = Mean time per level.
                   A        B        C        D        E       F      G
               +--------+--------+--------+--------+--------+-----+--------+
         Total |   2482 |   2427 |     55 |    376 |   1676 |   3 |  827.3 |
       Dungeon |   2482 |   2427 |     55 |    376 |   1676 |   3 |  827.3 |
               +--------+--------+--------+--------+--------+-----+--------+

Top non-repeatable levels by time:
     D:1: 1156 daAuts
     D:2: 1026 daAuts
     D:3: 298 daAuts
